 Dungeon Crawl Stone Soup version 0.32-a0-633-g5379399 (webtiles) character file.

Game seed: 6919146694847162497

5376 Dosil the Myrmidon (level 10, 0/83 HPs)
             Began as a Mountain Dwarf Fighter on Mar 6, 2024.
             Was an Elder of Okawaru.
             Slain by a cane toad (20 damage)
             ... on level 1 of the Lair of Beasts.
             The game lasted 00:18:26 (8949 turns).

Dosil the Myrmidon (Mountain Dwarf Fighter)         Turns: 8949, Time: 00:18:26

Health: 0/83       AC: 10    Str: 27    XL:     10   Next: 39%
Magic:  14/19      EV:  9    Int:  8    God:    Okawaru [****..]
Gold:   103        SH:  5    Dex:  9    Spells: 9/9 levels left

rFire   + . .        m - +7 broad axe "Qeopt" {drain, *Noise rC++ Str+3}
rCold   + + .        c - +0 buckler
rNeg    . . .        b - +0 scale mail
rPois   +            (no helmet)
rElec   .            (no cloak)
rCorr   .            g - +2 pair of gloves
SInv    .            (no boots)
Will    +....        j - amulet of the acrobat Stlth
                     v - ring of protection from fire
HPRegen 0.33/turn    l - ring of poison resistance
MPRegen 0.16/turn

%: acrobat
@: lethally poisoned (0 -> -8), finesse-ful, studying Earth Magic
A: runic magic, artefact enchanting
a: Renounce Religion, Heroism, Finesse


You were on level 1 of the Lair of Beasts.
You worshipped Okawaru.
Okawaru was greatly pleased with you.
You visited 3 branches of the dungeon, and saw 10 of its levels.

You collected 382 gold pieces.
You spent 279 gold pieces at shops.

Inventory:

Hand Weapons
 a - a +1 spectral war axe
 m - the +7 broad axe "Qeopt" (weapon) {drain, *Noise rC++ Str+3}
   (You bought it in a shop on level 8 of the Dungeon)

   Str+3:     It affects your strength (+3).
   rC++:      It greatly protects you from cold.
   *Noise:    It may make a loud noise when swung.
Missiles
 q - 3 throwing nets (quivered)
Armour
 b - a +0 scale mail (worn)
 c - a +0 buckler (worn)
 g - a +2 pair of gloves (worn)
Jewellery
 j - an amulet of the acrobat (around neck)
 l - a ring of poison resistance (right hand)
 u - a ring of fire
 v - a ring of protection from fire (left hand)
Wands
 B - a wand of paralysis (7)
 C - a wand of warping (8)
Scrolls
 e - 2 scrolls of vulnerability
 i - a scroll of poison
 p - a scroll of fear
 t - a scroll of immolation
 w - a scroll of fog {unknown}
 z - 2 scrolls of teleportation
Potions
 d - 3 potions of might
 f - a potion of mutation
 h - a potion of ambrosia
 k - a potion of resistance
 n - a potion of enlightenment
 o - 3 potions of lignification
 s - a potion of invisibility
 x - a potion of cancellation


   Skills:
 + Level 6.2 Fighting
 - Level 10.6 Axes
 + Level 6.2 Armour
 + Level 6.1 Shields
 - Level 12.7 Invocations


You had 9 spell levels left.
You didn't know any spells.
Your spell library contained the following spells:

 Spells                   Type           Power      Damage    Failure   Level
 Magic Dart               Conj           0%         1d3       52%         1
 Sting                    Conj/Alch      0%         1d3       52%         1
 Blink                    Tloc           0%         N/A       65%         2
 Mercury Vapours          Alch/Air       0%         N/A       65%         2
 Searing Ray              Conj           0%         2d4       65%         2
 Frozen Ramparts          Ice            0%         1d1       87%         3
 Fulminant Prism          Conj/Alch      0%         3d5       99%         4
 Leda's Liquefaction      Alch/Erth      0%         N/A       99%         4
 Olgreb's Toxic Radiance  Alch           0%         N/A       99%         4
 Petrify                  Alch/Erth      0%         N/A       99%         4
 Metabolic Englaciation   Hex/Ice        0%         N/A       100%        5
 Call Imp                 Summ           Unusable   N/A       N/A         2
 Summon Ice Beast         Ice/Summ       Unusable   N/A       N/A         3
 Summon Mana Viper        Hex/Summ       Unusable   N/A       N/A         5
 Monstrous Menagerie      Summ           Unusable   N/A       N/A         7

Dungeon Overview and Level Annotations

Branches:
Dungeon (8/15)             Temple (1/1) D:4            Lair (1/5) D:8

Altars:
Ashenzari
Elyvilon
Fedhas
Kikubaaqudgha
Makhleb
Okawaru
Qazlal
Ru
Sif Muna
Trog
Uskayaw
Vehumet
Xom
Yredelemnul
Zin
The Shining One

Shops:
D:8 =:!([


Innate Abilities, Weirdness & Mutations

Your spellcasting is much less encumbered by armour.
You can use scrolls of enchantment on lesser artefacts.


Message History

You barely miss the cane toad.
The cane toad is moderately wounded.
The cane toad stings you but does no damage.
The cane toad stings you!
You are too injured to fight recklessly!
You are too injured to fight recklessly!
You hit the cane toad.
The cane toad is moderately wounded.
The cane toad barely misses you.
A cane toad comes into view.
Unknown command.
The cane toad gives a loud, deep croak!
You slash the cane toad!
The cane toad is severely wounded.
You hear an angry hiss.
The cane toad barely misses you.
A water moccasin comes into view.
You completely miss the cane toad.
The cane toad is severely wounded.
The cane toad stings you! You block the cane toad's attack.
You barely miss the cane toad.
The cane toad is severely wounded.
The cane toad stings you.
You can now deal lightning-fast blows.
The cane toad stings you!
* * * LOW HITPOINT WARNING * * *
You are lethally poisoned!
The cane toad poisons you!
You hit the cane toad.
Your broad axe "Qeopt" argues with itself.
The cane toad is almost dead.
* * * LOW HITPOINT WARNING * * *
You feel very sick. The cane toad barely misses you.
You feel better. You block the cane toad's attack.
The water moccasin bites you.
* * * LOW HITPOINT WARNING * * *
You are poisoned.
The water moccasin poisons you! The cane toad stings you!!
You die...

....##.......#
###...#........#
...............##
.................
.........$.......
.................
......F††........
......F@S....#
#.#+#..##....#...
### #........
#....#$.. #....#
.. #....# #....#
#.?..# ####P
#.....


You could see 2 cane toads and a water moccasin.

Vanquished Creatures
  A gargoyle (D:6)
  A komodo dragon (Lair:1)
  A hornet (D:5)
  A steam dragon (D:8)
  3 water moccasins
  2 orc warriors
  2 black bears
  2 ice beasts
  5 sky beasts
  3 ogres
  7 wolves
  A centaur (D:8)
  A phantom (D:5)
  A kobold brigand (D:8)
  A gnoll sergeant (D:8)
  3 bullfrogs
  A scorpion (D:6)
  A water moccasin zombie (D:7)
  9 wights
  A howler monkey (D:5)
  A bullfrog zombie (D:7)
  A centaur zombie (D:7)
  2 jellies
  3 bombardier beetles
  6 orc priests
  4 hounds
  2 sleepcaps
  6 iguanas
  Natasha (thrice) (D:3)
  4 orc wizards
  A howler monkey zombie (D:7)
  11 adders
  6 gnolls
  A shadow imp (D:6)
  2 white imps (D:6)
  2 ribbon worms
  2 dart slugs (D:2)
  34 orcs
  11 ball pythons
  9 bats
  11 endoplasms
  2 giant cockroaches (D:2)
  9 goblins
  3 hobgoblins
  11 kobolds
  6 quokkas
  2 frilled lizards (D:2)
  8 rats
210 creatures vanquished.

Vanquished Creatures (others)
  An orc wizard (D:8)
  A spectral weapon (D:6)
2 creatures vanquished.

Grand Total: 212 creatures vanquished

Notes
Turn   | Place    | Note
-------+----------+-------------------------------------------
     0 | D:1      | Dosil the Mountain Dwarf Fighter began the quest for the
                  | Orb.
     0 | D:1      | Reached XP level 1. HP: 19/19 MP: 1/1
   113 | D:1      | Reached XP level 2. HP: 26/26 MP: 2/2
   474 | D:1      | Reached XP level 3. HP: 31/31 MP: 3/3
  1744 | D:2      | Reached skill level 5 in Axes
  1848 | D:2      | Reached XP level 4. HP: 32/38 MP: 4/4
  2922 | D:3      | Reached XP level 5. HP: 45/45 MP: 5/5
  2975 | D:3      | Noticed Natasha
  2983 | D:3      | Killed Natasha
  3036 | D:3      | Noticed Natasha
  3054 | D:3      | Killed Natasha
  3242 | D:3      | Noticed Natasha
  3256 | D:3      | Killed Natasha
  3643 | D:4      | Found a staircase to the Ecumenical Temple.
  3663 | Temple   | Entered the Ecumenical Temple
  3670 | Temple   | Became a worshipper of Warmaster Okawaru
  3696 | D:4      | Reached XP level 6. HP: 40/51 MP: 6/6
  3930 | D:4      | Noticed a sky beast
  3944 | D:4      | Killed a sky beast
  4496 | D:5      | Entered Level 5 of the Dungeon
  4550 | D:5      | Reached XP level 7. HP: 57/57 MP: 7/7
  4649 | D:5      | Reached skill level 10 in Axes
  4713 | D:5      | Reached * piety under Okawaru
  4744 | D:5      | Reached skill level 2 in Invocations
  4751 | D:5      | Reached skill level 3 in Invocations
  4753 | D:5      | Reached skill level 4 in Invocations
  4753 | D:5      | Reached XP level 8. HP: 51/63 MP: 8/11
  4834 | D:5      | Noticed a hornet
  4845 | D:5      | Killed a hornet
  4846 | D:5      | Reached skill level 6 in Invocations
  4847 | D:5      | Reached ** piety under Okawaru
  5103 | D:5      | Reached skill level 7 in Invocations
  5386 | D:6      | Reached skill level 8 in Invocations
  5525 | D:6      | Reached skill level 9 in Invocations
  5683 | D:6      | Reached skill level 10 in Invocations
  5743 | D:6      | Noticed a gargoyle
  5755 | D:6      | Reached XP level 9. HP: 17/70 MP: 13/16
  5755 | D:6      | Killed a gargoyle
  5756 | D:6      | Reached skill level 11 in Invocations
  5760 | D:6      | Reached *** piety under Okawaru
  6208 | D:6      | Reached skill level 12 in Invocations
  7444 | D:7      | Reached **** piety under Okawaru
  7691 | D:7      | Found a sacrificial altar of Ru.
  7873 | D:8      | Found Ninuyph's Distillery.
  8121 | D:8      | Reached XP level 10. HP: 80/80 MP: 19/19
  8127 | D:8      | Reached skill level 5 in Fighting
  8127 | D:8      | Reached skill level 5 in Armour
  8127 | D:8      | Reached skill level 5 in Shields
  8301 | D:8      | Found Ygorghets's Book Emporium.
  8421 | D:8      | Found Madud's Jewellery Shoppe.
  8498 | D:8      | Found a staircase to the Lair.
  8682 | D:8      | Found Nari's Antique Weapon Shoppe.
  8686 | D:8      | Bought an encrusted broad axe for 279 gold pieces
  8686 | D:8      | Identified the +7 broad axe "Qeopt" {drain, *Noise rC++
                  | Str+3} (You bought it in a shop on level 8 of the Dungeon)
  8824 | D:8      | Found Voddaxas's Antique Armour Shoppe.
  8923 | Lair:1   | Entered Level 1 of the Lair of Beasts
  8935 | Lair:1   | Noticed a cane toad
  8943 | Lair:1   | Noticed a cane toad
  8949 | Lair:1   | Slain by a cane toad

Illustrated notes

Levels and vault maps discovered:
D:1:      giann_forest_graveyard, layout_rooms, serial_bayou,
          serial_bayou_shore_b, serial_bayou_shore_b, serial_bayou_pond_b,
          serial_bayou_shore_b, serial_bayou_lagoon_b, serial_bayou_ford_a,
          hangedman_decor_growths, minmay_strange_pillars
D:2:      layout_basic, minmay_heptomino_w4
D:3:      layout_basic, columned_hall_lemuel, uniq_natasha
D:4:      layout_loops_ring, minmay_temple_entry_trees
D:5:      kennysheep_spiral_hall, layout_basic, minmay_manual_moon
D:6:      minmay_recursive_quarters, layout_cave_pools, st_stairs_14,
          minmay_hedge_maze, kennysheep_donut, nicolae_water_bricks,
          nicolae_figureground_sparkle
D:7:      layout_loops_ring, kennysheep_mini_moat, serial_undead,
          serial_undead_c, serial_undead_a, serial_undead_f, serial_undead_f
D:8:      layout_gridville, erik_lair_orcish_takeover, serial_shops, shop,
          nicolae_shop_back_alley_shop, shop, shop, shop, kennysheep_path_1
Temple:   hellmonk_temple_of_storms
Lair:1:   statuecave_lemuel, layout_regular_city, lemuel_old_faithful,
          infiniplex_staircase_pool_2

Skill      XL: |  1  2  3  4  5  6  7  8  9 10 |
---------------+-------------------------------+-----
Axes           | 3 4 5 6 7 9 10 | 10.6
Invocations    | 4 10 12 | 12.7
Fighting       | 4 6 |  6.2
Armour         | 4 6 |  6.2
Shields        | 4 6 |  6.1

Action                     |  1- 3 |  4- 6 |  7- 9 | 10-12 || total
---------------------------+-------+-------+-------+-------++-------
  Melee: War axe           |   156 |   158 |   270 |    41 ||   625
         Broad axe         |       |       |       |    20 ||    20
 Invoke: Heroism           |       |       |     1 |       ||     1
         Finesse           |       |       |       |     1 ||     1
    Use: Scroll            |       |    12 |     2 |     1 ||    15
         Potion            |       |     7 |     2 |     2 ||    11
   Stab: Distracted        |       |       |     6 |       ||     6
 Armour: Scale mail        |   168 |   166 |   137 |    68 ||   539
  Dodge: Dodged            |    86 |    71 |    85 |    40 ||   282
  Block: Buckler           |    32 |    38 |    46 |    13 ||   129

Table legend: (Time is in decaauts)
 A = Elapsed time spent in this place.
 B = Non-inter-level travel time spent in this place.
 C = Inter-level travel time spent in this place.
 D = Time resting spent in this place.
 E = Time spent auto-exploring this place.
 F = Levels seen in this place.
 G = Mean time per level.
                   A        B        C        D        E       F      G
               +--------+--------+--------+--------+--------+-----+--------+
         Total |   9055 |   8782 |    273 |    504 |   6874 |  10 |  905.5 |
       Dungeon |   9012 |   8739 |    273 |    504 |   6874 |   8 | 1126.5 |
        Temple |     14 |     14 |      0 |      0 |      0 |   1 |   14.0 |
          Lair |     27 |     27 |      0 |      0 |      0 |   1 |   27.0 |
               +--------+--------+--------+--------+--------+-----+--------+

Top non-repeatable levels by time:
     D:6: 1460 daAuts
     D:3: 1408 daAuts
     D:2: 1318 daAuts
     D:7: 1066 daAuts
     D:8: 1051 daAuts
     D:1: 997 daAuts
     D:4: 869 daAuts
     D:5: 841 daAuts
  Lair:1: 27 daAuts
  Temple: 14 daAuts
